 Dungeon Crawl Stone Soup version 0.29.1-1-gd02db6906a (webtiles) character file.

Game seed: 383379788385606805

56 LabCoat the Trooper (level 3, 0/33 HPs)
             Began as a Hill Orc Fighter on Sept 18, 2022.
             Slain by a gnoll
             ... wielding a +0 flail
              (3 damage)
             ... on level 2 of the Dungeon.
             The game lasted 00:02:48 (930 turns).

LabCoat the Trooper (Hill Orc Fighter)               Turns: 930, Time: 00:02:49

Health: 0/33       AC:  6    Str: 20    XL:     3   Next: 95%
Magic:  3/3        EV:  9    Int:  8    God:
Gold:   106        SH:  4    Dex: 10    Spells: 2/2 levels left

rFire   + . .      SeeInvis .   a - +0 war axe
rCold   . . .      Faith    .   c - +0 buckler
rNeg    . . .      Spirit   .   b - +0 scale mail
rPois   .          Reflect  .   (no helmet)
rElec   .          Harm     .   (no cloak)
rCorr   .          Rampage  .   (no gloves)
Will    .....                   (no boots)
Stlth   ..........              (no amulet)
HPRegen 0.11/turn               i - ring of protection from fire
MPRegen 0.08/turn               (no ring)

@: mighty
A: no striking features
a: no special abilities


You were on level 2 of the Dungeon.
You visited 1 branch of the dungeon, and saw 2 of its levels.

You collected 106 gold pieces.

Inventory:

Hand Weapons
 a - a +0 war axe (weapon)
 f - a +2 mace of protection
Missiles
 e - 6 silver javelins (quivered)
Armour
 b - a +0 scale mail (worn)
 c - a +0 buckler (worn)
Jewellery
 i - a ring of protection from fire (left hand)
Scrolls
 g - a scroll of enchant armour
 h - 2 scrolls of enchant weapon {unknown}
 l - a scroll of vulnerability
 m - a scroll of poison {unknown}
Potions
 d - a potion of might
 j - a potion of curing
 k - a potion of lignification {unknown}


   Skills:
 + Level 3.9 Fighting
 * Level 3.8 Axes
 + Level 0.7 Throwing
 + Level 3.6 Armour
 + Level 3.5 Shields
 + Level 1.2 Evocations


You had 2 spell levels left.
You didn't know any spells.
Your spell library was empty.

Dungeon Overview and Level Annotations

Branches:
Dungeon (2/15)

Altars:


Message History

No target in view!
No target in view!
You barely miss the hobgoblin.
The hobgoblin hits you but does no damage.
The hobgoblin closely misses you.
You slash the hobgoblin!
You kill the hobgoblin!
No target in view!
Found a stone staircase leading up.
h - 2 scrolls labelled MINILA QICYRCH (gained 1)
You feel your willpower return.
A gnoll comes into view.
It is wielding a +0 spear. 2 gnolls come into view.
The gnoll shouts! x2
A gnoll comes into view. It is wielding a +0 flail.
The gnoll barely misses you.
You hit the gnoll.
The gnoll is moderately wounded.
The gnoll barely misses you.
You slash the gnoll!
You kill the gnoll!
The gnoll barely misses you.
Things that are here:
a +0 spear; a gnoll corpse The gnoll attacks as you move away!
The gnoll hits you but does no damage. x2
The gnoll barely misses you.
You barely miss the gnoll. You slash the gnoll! You closely miss the gnoll.
The gnoll hits you with a +0 club. The gnoll hits you with a +0 halberd!
The gnoll hits you with a +0 flail!
* * * LOW HITPOINT WARNING * * *
You hit the gnoll.
The gnoll is moderately wounded.
You closely miss the gnoll. You hit the gnoll.
The gnoll hits you but does no damage. The gnoll misses you.
The gnoll completely misses you.
You feel very mighty all of a sudden. The gnoll hits you with a +0 club.
* * * LOW HITPOINT WARNING * * *
The gnoll hits you with a +0 flail.
You die...

#.##.....#..# ###.
####.<#.##...... ....
###...........##... .... ...#
#..#......#. #..# #.###
#.......†##
#...##...#####.....###
#...##...........#..
...##.ggg...............
.......@##########.....#
........# ###....## #
...#..####... #. .......## #..#.#
##..#.#.## #....##. #..#.#
###..#.....##....##.
#....###........##......###.
####.##.#...##..........##...#.
###............#...........#..^..
.............................<...


You could see 3 gnolls.

Vanquished Creatures
  A gnoll (D:2)
  An adder (D:2)
  4 ball pythons
  4 endoplasms
  A giant cockroach (D:1)
  5 goblins
  4 hobgoblins
  3 jackals (D:1)
  2 quokkas (D:2)
  2 bats
  4 frilled lizards
  A kobold (D:1)
  2 rats
34 creatures vanquished.

Notes
Turn   | Place    | Note
-------+----------+-------------------------------------------
     0 | D:1      | LabCoat the Hill Orc Fighter began the quest for the Orb.
     0 | D:1      | Reached XP level 1. HP: 19/19 MP: 1/1
    14 | D:1      | Found a faded altar of an unknown god.
   137 | D:1      | Reached XP level 2. HP: 27/27 MP: 2/2
   594 | D:2      | Reached XP level 3. HP: 23/33 MP: 3/3
   733 | D:2      | Reached skill level 1 in Evocations
   930 | D:2      | Slain by a gnoll

Illustrated notes

Levels and vault maps discovered:
D:1:      elethiomel_arrival_shortcut, layout_basic, basic_ecumenical_altar
D:2:      layout_rooms, minmay_distorted, uniq_terence

Skill      XL: |  1  2  3 |
---------------+----------+-----
Axes           | 3 |  3.8
Evocations     | 1 |  1.2
Fighting       | |  3.9
Throwing       | |  0.7
Armour         | |  3.6
Shields        | |  3.5

Action                   || total
-------------------------++-------
Melee: War axe           ||    88
Throw: Javelin           ||     3
  Use: Scroll            ||     3
       Potion            ||     1
Armor: Scale mail        ||    52
Dodge: Dodged            ||    51
Block: Buckler           ||    20
